 Dungeon Crawl Stone Soup version 0.31-a0-700-gf13585253f (webtiles) character file.

Game seed: 4679130556582305483

93 qw the Shooter (level 4, -7/28 HPs)
             Began as a Gargoyle Hunter on Sept 7, 2023.
             Mangled by an ogre
             ... wielding a +0 giant spiked club
              (16 damage)
             ... on level 3 of the Dungeon.
             The game lasted 00:00:37 (1274 turns).

qw the Shooter (Gargoyle Hunter)                    Turns: 1274, Time: 00:00:38

Health: -7/28      AC:  9    Str: 14    XL:     4   Next: 61%
Magic:  4/4        EV: 11    Int: 10    God:
Gold:   135        SH:  0    Dex: 15    Spells: 3/3 levels left

rFire   . . .        Y - +0 shortbow
rCold   . . .        (shield currently unavailable)
rNeg    + . .        c - +0 leather armour
rPois   inf          (no helmet)
rElec   +            (no cloak)
rCorr   .            d - +2 pair of gloves
SInv    .            (no boots)
Will    .....        (no amulet)
Stlth   ++           (no ring)
HPRegen 0.24/turn    (no ring)
MPRegen 0.09/turn

%: no passive effects
@: no status effects
A: sickness immunity, AC +3, negative energy resistance 1, electricity
resistance, torment resistance 1, petrification resistance
a: no special abilities


You were on level 3 of the Dungeon.
You visited 1 branch of the dungeon, and saw 3 of its levels.

You collected 135 gold pieces.


Innate Abilities, Weirdness & Mutations

You are immune to sickness and miasma.
Your stone body is resilient. (AC +3)
You are immune to poison.
You resist negative energy. (rN+)
You are resistant to electric shocks. (rElec)
You are resistant to unholy torment.
You are immune to petrification.


   Skills:
 - Level 3.1 Fighting
 + Level 5.4 Ranged Weapons
 - Level 1.5 Dodging
 - Level 1.1 Stealth


You had 3 spell levels left.
You didn't know any spells.
Your spell library was empty.

Inventory:

Hand Weapons
 Y - a +0 shortbow (weapon)
Armour
 c - a +0 leather armour (worn)
 d - a +2 pair of gloves (worn)
Jewellery
 g - a ring of ice
Scrolls
 a - a scroll of identify
 b - a scroll of enchant weapon {unknown}
Potions
 e - a potion of degeneration {unknown}
 f - a potion of heal wounds
 h - a potion of invisibility {unknown}
 i - 3 potions of haste
 j - a potion of lignification {unknown}

Dungeon Overview and Level Annotations

Branches:
Dungeon (3/15)

Altars:
Dithmenos


Message History

Waypoint 2 assigned to D:3.
You feel your willpower return.
Your extra speed is starting to run out.
You now have 135 gold pieces (gained 9).
You feel yourself slow down.
i - 2 potions of haste (gained 1)
i - 3 potions of haste (gained 1)
Found a kite shield.
Enter note:
Enter note:
Found a stone staircase leading down.
b - a scroll labelled YCSAFOGANUL
Found a stone staircase leading down.
g - a ring of ice
Found a scroll of fear.
Found a stone staircase leading up.
There is a stone staircase leading down here.
Found a shadowy altar of Dithmenos.
An ogre comes into view. It is wielding a +0 giant spiked club.
You shoot an arrow. The arrow hits the ogre.
The ogre is moderately wounded.
A ball python comes into view.
You shoot an arrow.
The arrow closely misses the ball python.
You shoot an arrow. The arrow hits the ball python.
You kill the ball python!
You shoot an arrow. The arrow hits the ogre.
The ogre is moderately wounded.
You shoot an arrow.
The arrow hits the ogre but does no damage.
The ogre is moderately wounded.
The ogre barely misses you.
You shoot an arrow. The arrow hits the ogre!
The ogre is heavily wounded.
The ogre hits you with a +0 giant spiked club!!
Ouch! That really hurt!
You shoot an arrow. The arrow hits the ogre.
The ogre is severely wounded.
The ogre hits you with a +0 giant spiked club!
Ouch! That really hurt!
You die...

##.#####..#
....#.##.#
#. #..#
#.##...##.#
##.#####..##
# ######.#
..?..<....>#
#.#
##.#######.#
# #.# #.##
#.# ....
##.##..#
#..@O.#
#.##..# #.
#..# #. ....
.. ..... .#
..... .#
_... . ....


You could see an ogre.

Vanquished Creatures
  3 adders (D:2)
  4 dart slugs
  10 ball pythons
  7 bats
  6 endoplasms
  A giant cockroach (D:2)
  5 goblins
  3 hobgoblins
  3 quokkas
  2 frilled lizards
  6 kobolds
  5 rats
55 creatures vanquished.

Notes
Turn   | Place    | Note
-------+----------+-------------------------------------------
     0 | D:1      | qw the Gargoyle Hunter began the quest for the Orb.
     0 | D:1      | Reached XP level 1. HP: 12/12 MP: 1/1
     0 | D:1      | 0 ||| qw: Version: 0.3-a-76-g4403597
     0 | D:1      | 0 ||| qw: Game counter: 630
     0 | D:1      | 0 ||| qw: Melee chars always use a shield: true
     0 | D:1      | 0 ||| qw: God list: Okawaru
     0 | D:1      | 0 ||| qw: Allow faded altars: false
     0 | D:1      | 0 ||| qw: Do Orc after clearing Dungeon:15 true
     0 | D:1      | 0 ||| qw: Do second Lair branch before Depths: true
     0 | D:1      | 0 ||| qw: Lair rune preference: random
     0 | D:1      | 0 ||| qw: Goals: Normal
     0 | D:1      | 0 ||| PLANNING D:1-11
    35 | D:1      | Reached XP level 2. HP: 11/17 MP: 2/2
   263 | D:1      | Reached XP level 3. HP: 21/21 MP: 3/3
   272 | D:1      | Reached skill level 5 in Ranged Weapons
   460 | D:1      | 460 ||| UPGRADING to +2 pair of gloves.
   465 | D:1      | 465 ||| READING scroll labelled CIVEGEIRCHE.
   468 | D:1      | 468 ||| READING scroll labelled PAELUFRI QOCO.
   469 | D:1      | 469 ||| DRINKING 2 amethyst potions.
   470 | D:1      | 470 ||| DROPPING scroll of butterflies.
   518 | D:2      | Reached skill level 3 in Fighting
   552 | D:2      | Reached XP level 4. HP: 28/28 MP: 4/4
   688 | D:2      | Found a faded altar of an unknown god.
  1148 | D:2      | 1148 ||| READING 3 scrolls labelled RUNURA XOVY.
  1149 | D:2      | 1149 ||| READING scroll labelled JIUNEOHIHI.
  1150 | D:2      | 1150 ||| DRINKING 2 grey potions.
  1151 | D:2      | 1151 ||| READING 2 scrolls of identify.
  1151 | D:2      | 1151 ||| IDENTIFYING blue potion
  1152 | D:2      | 1152 ||| DROPPING potion of brilliance.
  1153 | D:2      | 1153 ||| DROPPING 2 scrolls of fear.
  1265 | D:3      | Found a shadowy altar of Dithmenos.
  1267 | D:3      | Noticed an ogre
  1274 | D:3      | Mangled by an ogre

Levels and vault maps discovered:
D:1:      spicycebolla_arrival_clurvy, layout_basic
D:2:      layout_loops_ring, ebering_ecumenical_altar_hall
D:3:      layout_loops_ring, nicolae_dithmenos_shadow_blocks,
          guppyfry_early_lair_pool

Skill      XL: |  1  2  3 |
---------------+----------+-----
Ranged Weapons | 5 |  5.4
Fighting       | 3 |  3.1
Dodging        | |  1.5
Stealth        | |  1.1

Action                     |  1- 3 |  4- 6 || total
---------------------------+-------+-------++-------
   Fire: Shortbow          |    78 |    65 ||   143
    Use: Scroll            |     2 |     3 ||     5
         Potion            |     1 |     1 ||     2
 Armour: Leather armour    |    14 |    15 ||    29
  Dodge: Dodged            |    18 |    12 ||    30

Table legend:
 A = Non-vault XP
 B = Vault XP
 C = Vault XP percentage of total XP
 D = Non-vault monster count
 E = Vault monster count
 F = Vault count percentage of total count
                 A         B        C        D         E       F
            +---------+---------+-------+---------+---------+-------
      Total |     133 |       0 |   0.0 |      55 |       0 |   0.0
            +---------+---------+-------+---------+---------+-------
        D:1 |      51 |       0 |   0.0 |      26 |       0 |   0.0
        D:2 |      80 |       0 |   0.0 |      28 |       0 |   0.0
        D:3 |       2 |       0 |   0.0 |       1 |       0 |   0.0
            +---------+---------+-------+---------+---------+-------
